 Dungeon Crawl Stone Soup version 0.28.0-53-g5a82cb258f (webtiles) character file.

Game seed: 2130582155338989243

388 Infinimo the Cudgeller (level 6, -3/66 HPs)
             Began as an Ogre Gladiator on May 28, 2022.
             Slain by an iguana (11 damage)
             ... on level 3 of the Dungeon.
             The game lasted 00:04:46 (4234 turns).

Infinimo the Cudgeller (Ogre Gladiator)             Turns: 4234, Time: 00:04:46

Health: -3/66      AC:  3    Str: 21    XL:     6   Next: 79%
Magic:  6/6        EV: 10    Int:  9    God:
Gold:   167        SH:  0    Dex: 10    Spells: 5/5 levels left

rFire   . . .      SeeInvis .   j - +1 flail (protect)
rCold   . . .      Faith    .   (no shield)
rNeg    . . .      Spirit   .   b - +0 robe
rPois   .          Reflect  .   c - +0 hat
rElec   .          Harm     .   (no cloak)
rCorr   .          Rampage  .   (gloves unavailable)
Will    .....                   (boots unavailable)
Stlth   +.........              (no amulet)
HPRegen 0.21/turn               (no ring)
MPRegen 0.10/turn               (no ring)

@: about to teleport
A: large, unfitting armour, tough skin 1
a: no special abilities


You were on level 3 of the Dungeon.
You visited 1 branch of the dungeon, and saw 4 of its levels.

You collected 167 gold pieces.

Inventory:

Hand Weapons
 j - a +1 flail of protection (weapon)
Missiles
 d - 3 throwing nets (quivered)
Armour
 b - a +0 robe (worn)
 c - a +0 hat (worn)
Jewellery
 i - a ring of flight
Scrolls
 f - 4 scrolls of identify
 g - a scroll of teleportation
 l - a scroll of magic mapping {unknown}
Potions
 a - a potion of heal wounds {unknown}
 e - 2 potions of curing {unknown}
 h - 2 potions of flight {unknown}
 k - a potion of attraction {unknown}


   Skills:
 + Level 5.6 Fighting
 * Level 5.7 Maces & Flails
 - Level 2.0 Throwing
 - Level 2.6 Dodging


You had 5 spell levels left.
You didn't know any spells.
Your spell library contained the following spells:

 Spells                   Type           Power      Damage    Failure   Level
 Ensorcelled Hibernation  Hex/Ice        0%         N/A       52%         2
 Spider Form              Tmut/Pois      0%         N/A       77%         3
 Anguish                  Hex/Necr       0%         N/A       99%         4


Dungeon Overview and Level Annotations

Branches:
Dungeon (4/15)
 Temple: D:4-7

Altars:
Sif Muna


Innate Abilities, Weirdness & Mutations

You are too large for most types of armour.
You have tough skin. (AC +1)


Message History

The kobold closely misses you. The hound bites you. The hound bites you.
The hound closely misses you.
The hound pauses to sniff the ground.
The hound bites you.
The scorpion stings you but does no damage.
The hound bites you but does no damage. The scorpion stings you.
There is a stone staircase leading up here.
The scorpion stings you!
You climb upwards.
There is a stone staircase leading down here.
You sock the scorpion!
Your weapon exudes an aura of protection.
The scorpion is severely wounded.
The scorpion closely misses you. The scorpion stings you.
You thump the scorpion!
You kill the scorpion!
No target in view!
No target in view!
You start resting.
HP restored.
You climb downwards.
The iguana bites you! The kobold hits you with a +0 dagger.
The iguana bites you!
There is a stone staircase leading up, spattered with blood here.
The kobold closely misses you. The hound bites you. The iguana bites you.
You climb upwards.
There is a stone staircase leading down here.
You barely miss the kobold. The hound bites you. The kobold closely misses you.
The hound bites you. The iguana bites you!
As you read the scroll of teleportation, it crumbles to dust.
You feel strangely unstable. The hound barely misses you.
The kobold hits you with a +0 dagger. The iguana bites you!
* * * LOW HITPOINT WARNING * * *
You completely miss the hound. The hound bites you.
* * * LOW HITPOINT WARNING * * *
The kobold barely misses you. The hound bites you but does no damage.
The iguana bites you!
You die...

..........).######
#.### .....##.#####
##### #.# #
#######)#######...#
#.# #
#.................#
#.###
#.#####.#######...#
#.... #.# #.# ##.##
#.### #.#####.# #.#
#.# ........# #h#
##### #.# #.####..#
#@######...# #.#
#.# #..#
#Kl......#.# #.#
#.# #..#
########...###.#
..# #..# ##......#
..####..# ########
........# ........#
#.####### ###


You could see an iguana, a hound and a kobold.

Vanquished Creatures
  A scorpion (D:3)
  A hound (D:2)
  2 orc priests (D:3)
  2 orc wizards
  Robin (D:1)
  7 adders
  2 dart slugs
  3 worms
  12 orcs
  6 ball pythons
  13 endoplasms
  3 giant cockroaches
  10 goblins
  14 hobgoblins
  2 quokkas (D:3)
  5 bats
  5 frilled lizards
  8 kobolds
  4 rats
101 creatures vanquished.

Notes
Turn   | Place    | Note
-------+----------+-------------------------------------------
     0 | D:1      | Infinimo the Ogre Gladiator began the quest for the Orb.
     0 | D:1      | Reached XP level 1. HP: 22/22 MP: 1/1
   139 | D:1      | Reached XP level 2. HP: 31/31 MP: 2/2
   196 | D:1      | Found a faded altar of an unknown god.
   561 | D:1      | Reached XP level 3. HP: 35/37 MP: 3/3
  1384 | D:2      | Reached XP level 4. HP: 47/48 MP: 4/4
  1529 | D:2      | Noticed Robin
  1610 | D:1      | Killed Robin
  1611 | D:1      | Reached XP level 5. HP: 39/55 MP: 5/5
  2719 | D:3      | Reached skill level 5 in Maces & Flails
  2726 | D:2      | Reached skill level 5 in Fighting
  2726 | D:2      | Reached XP level 6. HP: 42/66 MP: 6/6
  3872 | D:3      | Found a shimmering blue altar of Sif Muna.
  4234 | D:3      | Slain by an iguana

Illustrated notes

Levels and vault maps discovered:
D:1:      psy_arrival_statuary, layout_basic,
          shapermc_ecumenical_altar_totnotflames, st_stairs_10
D:2:      layout_basic, st_stairs_13, uniq_robin
D:3:      layout_loops_ring, nicolae_sif_muna_little_library
D:4:      layout_loops_ring

Skill      XL: |  1  2  3  4  5 |
---------------+----------------+-----
Fighting       | 3 4 5 |  5.6
Maces & Flails | 3 4 5 |  5.7
Throwing       | |  2.0
Dodging        | |  2.6

Action                   |  1- 3 |  4- 6 || total
-------------------------+-------+-------++-------
Melee: Flail             |   108 |   219 ||   327
       Punch             |       |     6 ||     6
  Use: Potion            |       |     1 ||     1
       Scroll            |       |     4 ||     4
 Stab: Sleeping          |       |     1 ||     1
Armor: Robe              |    30 |    73 ||   103
Dodge: Dodged            |    52 |   141 ||   193
